 Dungeon Crawl Stone Soup version 0.19.0-2-gae57169 (webtiles) character file.

74036 GordonOverkill the Shatterer (level 15, -15/241 HPs)
             Began as an Ogre Hunter on Nov 2, 2016.
             Was an Elder of Trog.
             Demolished by a profane servitor
             ... wielding a +1 demon whip
              (19 damage)
             ... on level 2 of the Abyss.
             The game lasted 01:03:06 (26490 turns).

GordonOverkill the Shatterer (Ogre Hunter)         Turns: 26490, Time: 01:03:07

Health: -15/241    AC: 13    Str: 29      XL:     15   Next: 45%
Magic:  15/15      EV: 18    Int:  9 (10) God:    Trog [****..]
Gold:   746        SH:  5    Dex: 10 (11) Spells: 0 memorised, 14 levels left

rFire  + + .     SeeInvis .     E - +0 giant spiked club
rCold  + . .     Gourm    .     T - +2 swamp dragon scales
rNeg   . . .     Faith    .     (shield currently unavailable)
rPois  +         Spirit   .     (helmet restricted)
rElec  .         Reflect  +     t - +0 cloak
rCorr  .         Harm     .     (gloves unavailable)
MR     +++..                    (boots unavailable)
Stlth  ..........               d - +5 amulet of reflection
                                M - ring of Tutann {rPois rF++ rC+ Str+3 Dex-4}
                                l - +5 ring of evasion

@: berserking (expiring), regenerating, wreathed by umbra, drained, very quick
A: unfitting armour, tough skin 1
a: Berserk, Trog's Hand, Brothers in Arms, Burn Spellbooks, Renounce Religion


You were on level 2 of the Abyss.
You worshipped Trog.
Trog was greatly pleased with you.
You were very hungry.

You visited 3 branches of the dungeon, and saw 19 of its levels.
You visited the Abyss 1 time.

You collected 2365 gold pieces.
You spent 1619 gold pieces at shops.

Inventory:

Hand Weapons
 E - a +0 giant spiked club (weapon)
Missiles
 h - 113 stones
 j - 6 silver tomahawks
 n - 21 tomahawks
 y - 7 poisoned javelins
 G - 8 large rocks (quivered)
 H - 5 javelins of penetration
 V - 5 exploding tomahawks
Armour
 t - a +0 cloak (worn)
 T - +2 swamp dragon scales (worn)
Jewellery
 d - a +5 amulet of reflection (around neck)
 e - a +4 ring of evasion
 l - a +5 ring of evasion (left hand)
 M - the ring of Tutann (right hand) {rPois rF++ rC+ Str+3 Dex-4}
   (You bought it in a shop on level 9 of the Dungeon)

   [ring of protection from cold]

   It affects your strength (+3).
   It affects your dexterity (-4).
   It greatly protects you from fire.
   It protects you from cold.
   It protects you from poison.
Wands
 g - a wand of digging (6/24)
 v - a wand of disintegration (3/24)
 w - a wand of hasting (4/9)
 x - a wand of digging (9/24)
 z - a wand of teleportation (8/9)
 A - a wand of teleportation (6/9)
 D - a wand of disintegration (2/24)
 J - a wand of lightning (10/15)
 P - a wand of polymorph (16/24)
 W - a wand of iceblast (7/15)
Scrolls
 c - a scroll of identify
 u - 2 scrolls of magic mapping
 I - 4 scrolls of fear
 K - a scroll of fog
 L - 9 scrolls of remove curse
 N - 3 scrolls of blinking
Potions
 a - 3 potions of heal wounds
 b - a potion of cure mutation {unknown}
 i - 3 potions of ambrosia
 m - 3 potions of flight
 o - 6 potions of lignification
 r - 8 potions of curing
 s - a potion of agility {unknown}
 B - 2 potions of cancellation
 O - 2 potions of might {unknown}
 R - a potion of beneficial mutation {unknown}
 S - 2 potions of resistance {unknown}
 U - 4 potions of haste
 X - a potion of mutation {unknown}
Comestibles
 f - 12 bread rations
 k - 13 fruits
 p - 8 meat rations
 q - 16 beef jerkies


   Skills:
 + Level 13.3(12.5) Fighting
 + Level 22.1(21.2) Maces & Flails
 - Level 10.1(9.4) Throwing
 - Level 7.0(6.3) Armour
 - Level 10.3(9.6) Dodging
 - Level 0.6(0.1) Stealth


You had 14 spell levels left.
You didn't know any spells.

Dungeon Overview and Level Annotations

Branches:
Dungeon (12/15)            Temple (1/1) D:5            Lair (6/6) D:9
  Swamp (0/4) Lair:2       Spider (0/4) Lair:3        Slime (0/5) Lair:6
    Orc (0/2) D:12

Altars:
Ashenzari
Cheibriados
Dithmenos
Elyvilon
Fedhas
Gozag
Hepliaklqana
Kikubaaqudgha
Makhleb
Nemelex Xobeh
Okawaru
Qazlal
Ru
Sif Muna
Trog
Uskayaw
Vehumet
Xom
Yredelemnul
Zin
The Shining One
Jiyva

Shops:
D:5 =}(   D:8 [   D:9 =*(*   D:12 *

Annotations:
D:11 6 exclusions
Lair:6 1 runed door


Innate Abilities, Weirdness & Mutations

You are too large for most types of armour.
You have tough skin. (AC +1)


Message History

The profane servitor is lightly damaged.
The profane servitor hits you with an enchanted demon whip!!
* * * LOW HITPOINT WARNING * * *
The profane servitor draws strength from your injuries!
The profane servitor misses you.
Unknown command.
You miss the profane servitor.
The profane servitor is lightly damaged.
Unknown command.
You completely miss the profane servitor.
The profane servitor is lightly damaged.
The profane servitor completely misses you.
The profane servitor hits you with an enchanted demon whip.
* * * LOW HITPOINT WARNING * * *
Unknown command.
Unknown command.
You barely miss the profane servitor.
The profane servitor is lightly damaged.
The profane servitor hits you with an enchanted demon whip!!
You die...

.. #. #..# #..#.#
### .#.#..#### . .
........# #. ..
#...#.#.# # .##
#......###...#.#.#
........#..# #
.#.#.#..#†...##..#
# #.#@....#
####.#A#...# #.§##
#.# ..#. .## . #.
A# # . ..#


You could see a profane servitor.

Vanquished Creatures
  A tentacled starspawn (Abyss:2)
  A deep elf elementalist (Abyss:2)
  Snorg (Lair:3)
  A fire dragon (Lair:6)
  A great orb of eyes (D:12)
  4 hydras
  4 death knights (D:11)
  7 death yaks (Lair:6)
  Sonja (D:11)
  Nergalle (D:10)
  4 hell knights (D:12)
  A glowing orange brain (Abyss:2)
  An unseen horror (Abyss:2)
  A wizard (Abyss:2)
  Pikel (D:4)
  A necromancer (D:12)
  A lindwurm (Lair:6)
  An ugly thing (D:11)
  A cyclops (D:12)
  A manticore (D:11)
  23 elephants
  2 centaur zombies
  2 rust devils (D:12)
  5 black mambas
  2 gargoyles
  10 spiny frogs
  A smoke demon (Abyss:2)
  6 torpor snails (Lair:6)
  9 komodo dragons
  3 freezing wraiths (D:11)
  3 rime drakes
  The ghost of newuser the Sneak, a novice KoEn (D:6)
  A troll (D:11)
  5 tyrant leeches
  The ghost of Gargoyl the Covered, an amateur DsAK of Lugonu (D:4)
  2 polar bears
  27 blink frogs
  Grinder (D:5)
  4 raiju (Abyss:2)
  7 slime creatures (D:12)
  6 hornets (Lair:6)
  12 hippogriffs
  2 large abominations (Abyss:2)
  7 dream sheep (Lair:6)
  3 wyverns
  A wraith (D:11)
  2 vampires
  28 yaks
  A steam dragon (D:11)
  2 basilisks
  Grum (D:8)
  A chaos spawn (Abyss:2)
  2 hungry ghosts
  15 water moccasins
  7 porcupines
  7 hell hounds (D:12)
  2 slaves (D:4)
  A sky beast (D:7)
  2 orc warriors
  5 ice beasts
  5 phantoms
  9 ogres
  3 black bears
  5 necrophages
  8 small abominations (Abyss:2)
  5 wolves
  3 centaurs (D:8)
  19 crocodiles
  19 bullfrogs
  3 big kobolds
  A water moccasin zombie (D:10)
  A wyvern skeleton (D:11)
  4 scorpions
  8 killer bees (D:9)
  A howler monkey (D:10)
  10 wights
  An electric eel (Lair:2)
  3 bullfrog zombies
  5 crimson imps
  2 quasits
  3 hounds
  2 jellies
  6 orc priests
  3 centaur skeletons
  9 orc wizards
  5 hell rats (Lair:5)
  7 iguanas
  7 worker ants
  A killer bee zombie (D:9)
  3 hound zombies
  2 hound skeletons
  A mummy (D:10)
  A worker ant zombie (D:6)
  12 adders
  2 shadow imps
  2 white imps (Abyss:2)
  3 oozes
  An adder zombie (D:7)
  A worm (D:2)
  3 dart slugs
  3 leopard geckos
  33 orcs
  3 ball pythons
  7 giant cockroaches
  7 goblins
  7 hobgoblins
  18 jackals
  19 kobolds
  7 quokkas
  9 bats
  4 frilled lizards
  A leopard gecko skeleton (D:8)
  6 rats
  A plant (Lair:6)
571 creatures vanquished.

Vanquished Creatures (others)
  A small abomination (Abyss:2)
  A quasit (Abyss:2)
  A kobold (D:11)
  4 fungi
  A lurking horror (Abyss:2)
  17 plants
  4 starspawn tentacles (Abyss:2)
29 creatures vanquished.

Grand Total: 600 creatures vanquished

Notes
Turn   | Place    | Note
-------+----------+-------------------------------------------
     0 | D:1      | GordonOverkill the Ogre Hunter began the quest for the Orb.
     0 | D:1      | Reached XP level 1. HP: 22/22 MP: 1/1
   253 | D:1      | Reached XP level 2. HP: 18/31 MP: 2/2
   652 | D:1      | Reached skill level 1 in Maces & Flails
   698 | D:1      | Reached XP level 3. HP: 29/37 MP: 3/3
   901 | D:2      | Reached skill level 2 in Maces & Flails
  1588 | D:2      | Found a burning altar of Makhleb.
  1588 | D:2      | Found a faded altar of an unknown god.
  1593 | D:2      | Found a faded altar of an unknown god.
  1595 | D:2      | Found a faded altar of an unknown god.
  1596 | D:2      | Found a faded altar of an unknown god.
  1743 | D:2      | Found a snail-covered altar of Cheibriados.
  1839 | D:2      | Reached skill level 3 in Maces & Flails
  1839 | D:2      | Reached XP level 4. HP: 43/48 MP: 4/4
  2449 | D:3      | Reached skill level 4 in Maces & Flails
  2629 | D:3      | Reached XP level 5. HP: 50/54 MP: 5/5
  3099 | D:3      | Found a sparkling altar of Nemelex Xobeh.
  3218 | D:4      | Noticed Gargoyl's ghost (amateur DsAK)
  3535 | D:4      | Killed Gargoyl's ghost
  3535 | D:4      | Reached skill level 5 in Maces & Flails
  3535 | D:4      | Reached skill level 5 in Throwing
  3535 | D:4      | Reached XP level 6. HP: 62/65 MP: 6/6
  3555 | D:4      | Reached skill level 5 in Fighting
  3555 | D:4      | Reached skill level 6 in Maces & Flails
  3743 | D:4      | Noticed Pikel
  3743 | D:4      | Noticed a slave
  3743 | D:4      | Noticed a slave
  3743 | D:4      | Noticed a slave
  3743 | D:4      | Noticed a slave
  3749 | D:4      | Killed a slave
  3757 | D:4      | Killed a slave
  3764 | D:4      | Killed Pikel
  3764 | D:4      | Reached skill level 8 in Maces & Flails
  3764 | D:4      | Reached XP level 7. HP: 27/75 MP: 7/7
  3764 | D:4      | Reached XP level 8. HP: 29/83 MP: 8/8
  4225 | D:5      | Entered Level 5 of the Dungeon
  4256 | D:5      | Found Lux Yxotz's Gadget Shoppe.
  4265 | D:5      | Bought a wand of teleportation (3/9) for 273 gold pieces
  4299 | D:5      | Noticed Grinder
  4305 | D:5      | Killed Grinder
  4357 | D:5      | Found Qoadiujiu's Antique Weapon Shop.
  4414 | D:5      | Reached skill level 9 in Maces & Flails
  4416 | D:5      | Found a staircase to the Ecumenical Temple.
  4426 | Temple   | Entered the Ecumenical Temple
  4527 | Temple   | Became a worshipper of Trog the Wrathful
  4842 | D:5      | Found a white marble altar of Elyvilon.
  4942 | D:5      | Found Vuxe's Jewellery Boutique.
  5142 | D:5      | Found a shimmering altar of Xom.
  5160 | D:5      | Reached skill level 10 in Maces & Flails
  5207 | D:5      | Reached XP level 9. HP: 96/96 MP: 9/9
  5528 | D:6      | Noticed newuser's ghost (novice KoEn)
  5534 | D:6      | Killed newuser's ghost
  6103 | D:6      | Found a glowing golden altar of the Shining One.
  6293 | D:6      | Reached skill level 11 in Maces & Flails
  6298 | D:6      | Reached * piety under Trog
  6612 | D:7      | Found a white marble altar of Elyvilon.
  7244 | D:7      | Reached skill level 12 in Maces & Flails
  7370 | D:8      | Noticed Grum
  7434 | D:7      | Reached XP level 10. HP: 30/107 MP: 10/10
  7879 | D:7      | Reached ** piety under Trog
  8094 | D:8      | Killed Grum
  8099 | D:8      | Reached skill level 10 in Fighting
  8313 | D:8      | Found an iron altar of Okawaru.
  8330 | D:8      | Reached skill level 13 in Maces & Flails
  8727 | D:8      | Found Xugem's Armour Emporium.
  9211 | D:9      | Found Buebloul's Assorted Antiques.
  9238 | D:9      | Found Somit's Assorted Antiques.
  9281 | D:9      | Found Moynich's Weapon Emporium.
  9414 | D:9      | Found a shattered altar of Ashenzari.
  9627 | D:9      | Found a staircase to the Lair.
  9725 | D:9      | Reached skill level 14 in Maces & Flails
  9884 | D:9      | Reached *** piety under Trog
  9912 | D:9      | Reached XP level 11. HP: 30/120 MP: 11/11
 10424 | D:9      | Found Jaizoimp's Jewellery Shoppe.
 10558 | D:9      | Reached skill level 1 in Armour
 10793 | D:10     | Entered Level 10 of the Dungeon
 11434 | D:10     | Reached skill level 15 in Maces & Flails
 11493 | D:10     | Noticed Nergalle
 11505 | D:10     | Killed Nergalle
 11848 | Lair:1   | Entered Level 1 of the Lair of Beasts
 12243 | Lair:1   | Reached skill level 10 in Throwing
 13007 | Lair:1   | Reached **** piety under Trog
 13178 | Lair:1   | Noticed a six-headed hydra
 13191 | Lair:1   | Killed a six-headed hydra
 13191 | Lair:1   | Reached skill level 16 in Maces & Flails
 13790 | Lair:1   | Reached XP level 12. HP: 128/129 MP: 12/12
 13885 | D:9      | Bought the ring of Tutann {rPois rF++ rC+ Str+3 Dex-4} for 567 gold pieces
 14216 | Lair:2   | Noticed a four-headed hydra
 14222 | Lair:2   | Killed a four-headed hydra
 14227 | Lair:2   | Reached skill level 5 in Armour
 15979 | Lair:2   | Reached skill level 17 in Maces & Flails
 16234 | Lair:2   | Received a gift from Trog
 16361 | Lair:2   | Found a staircase to the Swamp.
 16613 | Lair:3   | Found a hole to the Spider Nest.
 16851 | Lair:3   | Noticed Snorg
 16874 | Lair:3   | Killed Snorg
 17546 | Lair:3   | Reached skill level 18 in Maces & Flails
 17546 | Lair:3   | Reached XP level 13. HP: 68/137 MP: 13/13
 17730 | Lair:4   | Received a gift from Trog
 18035 | Lair:4   | Found a basalt altar of Yredelemnul.
 18527 | Lair:5   | Reached skill level 5 in Dodging
 18978 | Lair:5   | Reached skill level 19 in Maces & Flails
 18980 | Lair:5   | Received a gift from Trog
 19382 | Lair:6   | Entered Level 6 of the Lair of Beasts
 19895 | Lair:6   | Reached ***** piety under Trog
 20291 | Lair:6   | Found a runed door.
 20293 | Lair:6   | Found a viscous altar of Jiyva.
 20294 | Lair:6   | Noticed an acid blob
 20295 | Lair:6   | Found a staircase to the Slime Pits.
 20365 | Lair:6   | Reached XP level 14. HP: 118/146 MP: 14/14
 20453 | Lair:6   | Found a runed door.
 20621 | Lair:6   | Reached skill level 20 in Maces & Flails
 20829 | Lair:6   | HP: 4/146 [torpor snail (10)]
 20840 | Lair:6   | Received a gift from Trog
 21447 | Lair:6   | Received a gift from Trog
 21713 | Lair:6   | Received a gift from Trog
 22049 | D:9      | Bought a +5 amulet of reflection for 275 gold pieces
 22149 | D:5      | Bought a +4 ring of evasion for 504 gold pieces
 22354 | D:11     | Reached skill level 10 in Dodging
 22367 | D:11     | Reached skill level 21 in Maces & Flails
 23712 | D:11     | Noticed Sonja
 23735 | D:11     | Killed Sonja
 24042 | D:12     | Upgraded the game from 0.19.0 to 0.19.0-2-gae57169
 24147 | D:12     | Found Ithraphi's Changing Room.
 24204 | D:12     | Reached XP level 15. HP: 142/154 MP: 15/15
 24577 | D:12     | Found a staircase to the Orcish Mines.
 25052 | D:12     | Found a runed door.
 25557 | D:12     | Cast into level 2 of the Abyss (a wizard)
 25557 | Abyss:2  | Found a corrupted altar of Lugonu.
 25654 | Abyss:2  | Noticed a tentacled starspawn
 25672 | Abyss:2  | Killed a tentacled starspawn
 26198 | Abyss:2  | Noticed a tentacled starspawn
 26221 | Abyss:2  | Noticed a deep elf elementalist
 26241 | Abyss:2  | Killed a deep elf elementalist
 26241 | Abyss:2  | Reached skill level 22 in Maces & Flails
 26243 | Abyss:2  | Found a corrupted altar of Lugonu.
 26472 | Abyss:2  | Noticed a profane servitor
 26487 | Abyss:2  | HP: 6/241 [profane servitor/enchanted demon whip (25)]
 26490 | Abyss:2  | Demolished by a profane servitor

Skill      XL: |  1  2  3  4  5  6  7  8  9 10 11 12 13 14 15 |
---------------+----------------------------------------------+-----
Fighting       | 3 4 6 7 9 11 13 | 13.3
Maces & Flails | 1 3 4 5 8 10 12 14 16 18 19 21 22 | 22.1
Throwing       | 5 6 7 9 10 | 10.1
Armour         | 4 7 |  7.0
Dodging        | 3 7 10 | 10.3
Stealth        | |  0.6

Action                   |  1- 3 |  4- 6 |  7- 9 | 10-12 | 13-15 || total
-------------------------+-------+-------+-------+-------+-------++-------
Melee: Short sword       |    22 |       |       |       |       ||    22
       Mace              |    96 |    88 |       |       |       ||   184
       Whip              |       |    65 |    59 |       |       ||   124
       Giant club        |       |       |   163 |       |       ||   163
       Giant spiked club |       |       |    65 |   647 |   944 ||  1656
Throw: Tomahawk          |       |    10 |       |       |       ||    10
       Large rock        |       |       |     3 |     3 |    16 ||    22
Invok: Berserk           |       |       |     2 |    19 |    10 ||    31
       Burn Spellbooks   |       |       |     1 |     4 |       ||     5
       Trog's Hand       |       |       |       |     8 |    19 ||    27
       Brothers in Arms  |       |       |       |       |     1 ||     1
Evoke: Wand              |       |       |     1 |     6 |     2 ||     9
  Use: Scroll            |       |       |    16 |    13 |     6 ||    35
       Potion            |       |       |     2 |     4 |     3 ||     9
 Stab: Sleeping          |       |       |     4 |     2 |       ||     6
       Distracted        |       |       |       |     2 |       ||     2
       Invisible         |       |       |       |     1 |     2 ||     3
  Eat: Chunk             |     3 |     6 |    15 |    62 |    28 ||   114
       Royal jelly       |       |       |     1 |       |     3 ||     4
       Pizza             |       |       |     1 |       |     1 ||     2
Armor: Robe              |    44 |     2 |       |       |       ||    46
       Steam dragon scal |       |    55 |    70 |   139 |       ||   264
       Troll leather arm |       |       |       |     6 |   106 ||   112
       Swamp dragon scal |       |       |       |       |    82 ||    82
Dodge: Dodged            |    73 |    76 |   190 |   598 |   656 ||  1593
Block: Other             |       |       |       |       |    75 ||    75
       Reflection        |       |       |       |       |     3 ||     3
